 Dungeon Crawl Stone Soup version 0.30-b1-2-g02819fbbbe (webtiles) character file.

Game seed: 2256588305335331804

15454 Metae the Fighter (level 12, -10/110 HPs)
             Began as a Minotaur Fighter on June 19, 2023.
             Was a Believer of the Shining One.
             Mangled by Snorg (15 damage)
             ... on level 10 of the Dungeon.
             The game lasted 00:33:36 (7443 turns).

Metae the Fighter (Minotaur Fighter)                Turns: 7443, Time: 00:33:45

Health: -10/110    AC: 25    Str: 27      XL:     12   Next: 1%
Magic:  14/16      EV:  7    Int:  6 (7)  God:    the Shining One [**....]
Gold:   347        SH: 16    Dex: 15      Spells: 11/11 levels left

rFire   + + .        a - +0 flail
rCold   . . .        c - +0 buckler
rNeg    + . .        j - +9 plate armour "Sotybow" {Contam rF++ Regen+ Dex+3}
rPois   .            (helmet restricted)
rElec   .            (no cloak)
rCorr   +            (no gloves)
SInv    .            w - +0 pair of boots
Will    +....        s - amulet of regeneration Stlth
                     B - ring of Ejiucw {rCorr Int+2 Dex+3 Slay+2}
HPRegen 1.98/turn    D - ring of willpower
MPRegen 0.15/turn

%: no passive effects
@: divinely shielded, glowing
A: horns 2, retaliatory headbutt
a: Renounce Religion, Divine Shield


You were on level 10 of the Dungeon.
You worshipped the Shining One.
The Shining One was pleased with you.
You visited 1 branch of the dungeon, and saw 10 of its levels.
You also visited: Bailey.

You collected 347 gold pieces.

Inventory:

Hand Weapons
 a - a +0 flail (weapon)
 F - a +0 sling
 N - a +1 war axe of venom
Missiles
 k - 71 stones (quivered)
 r - 15 boomerangs
 L - 8 poisoned darts
Armour
 c - a +0 buckler (worn)
 j - the +9 plate armour "Sotybow" (worn) {Contam rF++ Regen+ Dex+3}
   (You found it on level 2 of the Dungeon)

   Dex:       It affects your dexterity (+3).
   rF:        It greatly protects you from fire.
   Contam:    It causes magical contamination when unequipped.
   Regen:     It increases your rate of health regeneration.
 w - a +0 pair of boots (worn)
Jewellery
 s - an amulet of regeneration (around neck)
 B - the ring of Ejiucw (left hand) {rCorr Int+2 Dex+3 Slay+2}
   (You found it on level 6 of the Dungeon)

   [ring of resist corrosion]

   Int:       It affects your intelligence (+2).
   Dex:       It affects your dexterity (+3).
   Slay:      It affects your accuracy & damage with ranged weapons and melee
   (+2).
   rCorr:     It protects you from acid and corrosion.
 C - a ring of resist corrosion
 D - a ring of willpower (right hand)
 G - the amulet "Esiarot" {Spirit rN+ Dex+3}
   (You found it on level 7 of the Dungeon)

   [amulet of guardian spirit]

   It causes incoming damage to be divided between your reserves of health and
   magic.
   Dex:       It affects your dexterity (+3).
   rN:        It protects you from negative energy.
 M - a +4 ring of protection
Wands
 E - a wand of iceblast (12)
 K - a wand of flame (9)
Scrolls
 f - 4 scrolls of magic mapping
 g - a scroll of acquirement
 i - 4 scrolls of fog
 l - 4 scrolls of amnesia
 m - a scroll of vulnerability
 p - 2 scrolls of blinking {unknown}
 q - 2 scrolls of enchant weapon {unknown}
 t - 4 scrolls of teleportation
 x - a scroll of fear
 y - a scroll of immolation {unknown}
 H - 2 scrolls of butterflies {unknown}
 I - 2 scrolls of brand weapon {unknown}
 J - a scroll of enchant armour {unknown}
Potions
 b - 9 potions of curing
 d - 3 potions of might
 e - 3 potions of mutation
 h - 2 potions of heal wounds {unknown}
 n - a potion of ambrosia {unknown}
 o - 2 potions of lignification {unknown}
 u - 5 potions of haste {unknown}
 v - 2 potions of invisibility {unknown}
 z - 4 potions of degeneration {unknown}
 A - a potion of attraction {unknown}
 P - a potion of brilliance {unknown}
Miscellaneous
 O - a piece from Xom's chessboard (15/15)


   Skills:
 + Level 11.4 Fighting
 + Level 11.1 Maces & Flails
 + Level 11.4 Armour
 - Level 10.9 Shields
 + Level 7.8 Invocations
 + Level 2.2 Evocations


You had 11 spell levels left.
You didn't know any spells.
Your spell library contained the following spells:

 Spells                   Type           Power      Damage    Failure   Level
 Apportation              Tloc           0%         N/A       99%         1
 Foxfire                  Conj/Fire      0%         2x1d4     99%         1
 Necrotise                Necr           0%         1d4       99%         1
 Summon Small Mammal      Summ           0%         N/A       99%         1
 Call Canine Familiar     Summ           0%         N/A       100%        3
 Ignite Poison            Fire/Tmut/Pois 0%         N/A       100%        3
 Inner Flame              Hex/Fire       0%         N/A       100%        3
 Portal Projectile        Hex/Tloc       0%         N/A       100%        3
 Animate Dead             Necr           0%         N/A       100%        4
 Flame Wave               Conj/Fire      0%         2d4       100%        4
 Leda's Liquefaction      Hex/Erth       0%         N/A       100%        4
 Sticky Flame             Conj/Fire      0%         2d3       100%        4
 Blade Hands              Tmut           0%         N/A       100%        5
 Borgnjor's Vile Clutch   Necr/Erth      0%         N/A       100%        5
 Fireball                 Conj/Fire      0%         3d3       100%        5
 Irradiate                Conj/Tmut      0%         3d11      100%        5
 Yara's Violent Unravell  Hex/Tmut       0%         3d3       100%        5
 Death Channel            Necr           0%         N/A       100%        6
 Plasma Beam              Fire/Air       0%         2x1d11    100%        6
 Starburst                Conj/Fire      0%         6d3       100%        6
 Dragon Form              Tmut           0%         N/A       100%        7
 Enfeeble                 Hex            0%         N/A       100%        7
 Ignition                 Fire           0%         3d3       100%        8


Dungeon Overview and Level Annotations

Branches:
Dungeon (10/15)            Temple (0/1) D:6             Orc (0/2) D:9
 Bailey (visited)
   Lair: D:8-11

Altars:
Fedhas
Nemelex Xobeh
The Shining One

Annotations:
D:9 exclusion: orange crystal statue
D:10 Snorg


Innate Abilities, Weirdness & Mutations

You have a pair of horns on your head.
You reflexively headbutt those who attack you in melee.


Message History

Snorg claws you but does no damage.
The centaur warrior shoots an arrow.
You block the arrow. You block Snorg's attack. Snorg closely misses you.
Snorg claws you.
You sock Snorg!
Snorg is moderately wounded.
The centaur warrior shoots an arrow.
The arrow hits you but does no damage. You block Snorg's attack. x3
You bludgeon Snorg!!
Snorg is moderately wounded.
Snorg bites you but does no damage. Snorg claws you but does no damage. x2
The centaur warrior shoots an arrow.
The arrow hits you but does no damage.
You thump Snorg! You headbutt Snorg!
Snorg is heavily wounded.
You block Snorg's attack. Snorg barely misses you.
Snorg claws you but does no damage.
The centaur warrior shoots an arrow.
You block the arrow.
You thump Snorg!
Snorg is heavily wounded.
Snorg bites you but does no damage. You block Snorg's attack. x2
The centaur warrior shoots an arrow.
The arrow hits you! Snorg bites you.
Snorg claws you but does no damage. x2; The centaur warrior shoots an arrow.
The arrow barely misses you.
You sock Snorg! You headbutt Snorg!
Snorg is severely wounded.
Snorg bites you but does no damage. You block Snorg's attack.
Snorg claws you but does no damage.
The centaur warrior shoots an arrow.
You block the arrow.
You hit Snorg. Your headbutt misses Snorg.
Snorg is severely wounded.
You block Snorg's attack. Snorg claws you!
* * * LOW HITPOINT WARNING * * *
Snorg claws you!
* * * LOW HITPOINT WARNING * * *
You feel better. Snorg bites you!
* * * LOW HITPOINT WARNING * * *
You block Snorg's attack. Snorg claws you!
* * * LOW HITPOINT WARNING * * *
The centaur warrior shoots an arrow.
The arrow hits you but does no damage. Snorg bites you but does no damage.
Snorg claws you!
You die...

...> ### ###+# ....
##.## #.#.# .....
##...## ..... .....
##†.#..## # ###.#
......#.......## #.
#)#.#
......#.#####..##
##.##...
#..'.#@T....)#
+.....⌠.
......#.##..#####
##.##...
......#..##c... #.
#|#.# .....
##..##..#..###.###.#
.....
##..##...##.##.....
....
##..##.##...##.#.#
....
#..###'###..#..###'#
#.........###......
............##......#


You could see Snorg (berserk) and a centaur warrior.

Vanquished Creatures
  Erolcha (D:9)
  2 vault guards (Bailey)
  Erica (D:9)
  2 two-headed ogres
  Pikel (D:7)
  The ghost of PanSaczeczos the Sneak, a novice SpAr of Dithmenos (D:7)
  A cyclops (D:10)
  Maurice (D:8)
  Joseph (D:7)
  Maggie (D:9)
  Psyche (D:9)
  A komodo dragon (shapeshifter) (D:10)
  A hornet (D:8)
  Prince Ribbit (Bailey)
  A slime creature (D:10)
  A basilisk (D:10)
  4 wyverns
  10 humans
  A steam dragon (D:7)
  14 yaks
  Edmund (D:4)
  An acid dragon (D:9)
  Duvessa (D:7)
  An ice beast (D:8)
  6 orc warriors
  2 ogres
  A lemure (D:7)
  3 centaurs
  6 scorpions
  A kobold brigand (D:10)
  18 bullfrogs
  5 wights
  Dowan (D:7)
  2 electric eels (D:9)
  4 howler monkeys (D:8)
  4 hounds
  A jelly (D:7)
  9 orc priests
  2 sleepcaps
  2 iguanas
  5 orc wizards
  5 adders
  3 gnolls (Bailey)
  A shadow imp (D:7)
  2 white imps
  2 ufetubi (D:5)
  A dart slug (D:2)
  37 orcs
  5 ball pythons
  4 bats
  6 endoplasms
  3 giant cockroaches
  16 goblins
  11 hobgoblins
  4 jackals (D:1)
  11 kobolds
  A quokka (D:2)
  4 frilled lizards
  6 rats
245 creatures vanquished.

Notes
Turn   | Place    | Note
-------+----------+-------------------------------------------
     0 | D:1      | Metae the Minotaur Fighter began the quest for the Orb.
     0 | D:1      | Reached XP level 1. HP: 19/19 MP: 0/0
    90 | D:1      | Reached XP level 2. HP: 27/27 MP: 1/1
   395 | D:1      | Reached XP level 3. HP: 32/33 MP: 2/2
   615 | D:2      | Identified the +9 plate armour "Sotybow" {Contam rF++
                  | Regen+ Dex+3}
   927 | D:2      | Reached XP level 4. HP: 41/41 MP: 3/3
  1124 | D:3      | Identified a scroll of acquirement
  1196 | D:4      | Noticed a scorpion
  1203 | D:4      | Killed a scorpion
  1204 | D:4      | Reached XP level 5. HP: 47/47 MP: 4/4
  1324 | D:4      | Noticed an ogre
  1329 | D:4      | Killed an ogre
  1330 | D:4      | Reached skill level 5 in Fighting
  1330 | D:4      | Reached skill level 5 in Armour
  1330 | D:4      | Reached skill level 5 in Shields
  1413 | D:4      | Reached XP level 6. HP: 49/56 MP: 5/5
  1450 | D:4      | Noticed Edmund
  1465 | D:4      | Killed Edmund
  1874 | D:5      | Entered Level 5 of the Dungeon
  1903 | D:5      | Found a glowing golden altar of the Shining One.
  1976 | D:5      | Reached skill level 5 in Maces & Flails
  2015 | D:5      | Reached XP level 7. HP: 62/62 MP: 6/6
  2088 | D:5      | Noticed a wyvern
  2093 | D:5      | Killed a wyvern
  2604 | D:5      | Became a worshipper of the Shining One
  2757 | D:6      | Found a staircase to the Ecumenical Temple.
  2765 | D:6      | Reached XP level 8. HP: 71/71 MP: 7/7
  2782 | D:6      | Reached skill level 1 in Invocations
  3382 | D:6      | Identified the ring of Ejiucw {rCorr Int+2 Dex+3 Slay+2}
  3531 | D:7      | Noticed Duvessa
  3544 | D:7      | Killed Duvessa
  3546 | D:7      | Noticed Dowan
  3562 | D:7      | Killed Dowan
  3668 | D:7      | Noticed Joseph
  3688 | D:7      | Killed Joseph
  3715 | D:7      | Found a large runed translucent door.
  3715 | D:7      | Found a large runed translucent door.
  3717 | D:7      | Identified the amulet "Esiarot" {Spirit rN+ Dex+3}
  3742 | D:7      | Noticed PanSaczeczos's ghost (novice SpAr)
  3807 | D:7      | Reached * piety under the Shining One
  3812 | D:7      | Reached XP level 9. HP: 80/80 MP: 10/10
  3846 | D:7      | Noticed Pikel
  3858 | D:7      | Killed Pikel
  4221 | D:7      | Killed PanSaczeczos's ghost
  4284 | D:8      | Found a sparkling altar of Nemelex Xobeh.
  4351 | D:8      | Found a flagged portal.
  4383 | Bailey   | Entered a bailey
  4427 | Bailey   | Reached XP level 10. HP: 85/90 MP: 12/12
  4436 | Bailey   | Reached skill level 5 in Invocations
  4465 | Bailey   | Noticed a vault guard
  4465 | Bailey   | Noticed Prince Ribbit
  4477 | Bailey   | Killed a vault guard
  4478 | Bailey   | Killed Prince Ribbit
  4518 | Bailey   | Noticed a vault guard
  4528 | Bailey   | Killed a vault guard
  4692 | D:8      | Noticed Maurice
  4703 | D:8      | Killed Maurice
  4723 | D:8      | Reached skill level 10 in Fighting
  4820 | D:8      | Reached ** piety under the Shining One
  4826 | D:8      | Reached skill level 10 in Armour
  4826 | D:8      | Reached skill level 10 in Shields
  5059 | D:8      | Noticed a two-headed ogre
  5069 | D:8      | Killed a two-headed ogre
  5070 | D:8      | Reached XP level 11. HP: 67/100 MP: 14/14
  5176 | D:9      | Noticed Erica
  5184 | D:9      | Killed Erica
  5229 | D:9      | Reached skill level 10 in Maces & Flails
  5252 | D:9      | Noticed a two-headed ogre
  5297 | D:9      | Killed a two-headed ogre
  5472 | D:9      | Found a staircase to the Orcish Mines.
  5595 | D:9      | Noticed Psyche
  5607 | D:9      | Killed Psyche
  5634 | D:9      | Noticed an orange crystal statue
  5861 | D:9      | Noticed Maggie
  5866 | D:9      | Noticed Erolcha
  5894 | D:9      | Killed Maggie
  5924 | D:9      | Killed Erolcha
  6686 | D:9      | Noticed a brown ugly thing
  6888 | D:10     | Entered Level 10 of the Dungeon
  6907 | D:10     | Found a blossoming altar of Fedhas.
  6980 | D:10     | Reached skill level 1 in Evocations
  7111 | D:10     | Noticed an entropy weaver
  7123 | D:10     | an entropy weaver changed into a komodo dragon
  7347 | D:10     | Reached XP level 12. HP: 110/110 MP: 12/16
  7430 | D:10     | Noticed a centaur warrior
  7430 | D:10     | Noticed Snorg
  7443 | D:10     | HP: 5/110 [Snorg (13)]
  7443 | D:10     | Mangled by Snorg

Illustrated notes

Levels and vault maps discovered:
D:1:      dpeg_arrival_subterranean_lakeside_camping, layout_rooms
D:2:      layout_loops_ring
D:3:      layout_rooms, gammafunk_temple_overflow_claw,
          ebering_ecumenical_altar_sacrificial, serial_park_tiny_2,
          chequers_serial_rivers_micro_e, dk_noncrumbling_4, uniq_sigmund,
          uniq_jessica
D:4:      layout_basic, uniq_edmund
D:5:      layout_basic, mainiacjoe_overflow_cross_hatched
D:6:      layout_basic, minmay_temple_entry_glass, grunt_ministairs_5,
          chequers_garden, chequers_decorated_corner
D:7:      layout_basic, ebering_ghost_disaster_area,
          chequers_serial_rivers_marsh, amcnicky_mini_pool_small,
          kennysheep_donut, uniq_pikel, uniq_joseph, uniq_duvessa
D:8:      layout_loops_ring, mainiacjoe_overflow_small_starburst,
          enter_bailey_5, ebering_dispersal_statue_hall, st_stairs_10,
          uniq_maurice
D:9:      layout_layer_cave, erik_orc_2, minivault_15, uniq_maggie, uniq_erica,
          uniq_psyche, uniq_erolcha
D:10:     minmay_the_grid_octo_2x2 [minmay_the_grid_octo_concentric,
          minmay_the_grid_octo_odd_swirl, minmay_the_grid_octo_77,
          minmay_the_grid_octo_prize_square_snowflake], layout_basic,
          nicolae_overflow_crystal_walls, minmay_misc_feat_tiny,
          minmay_ruffians, uniq_snorg

Skill      XL: |  1  2  3  4  5  6  7  8  9 10 11 |
---------------+----------------------------------+-----
Fighting       | 4 5 6 7 8 10 11 | 11.4
Armour         | 4 5 6 7 8 10 11 | 11.4
Shields        | 4 5 6 7 8 10 | 10.9
Maces & Flails | 3 4 5 6 7 8 9 11 | 11.1
Invocations    | 3 4 6 7 |  7.8
Evocations     | 2 |  2.2

Action                     |  1- 3 |  4- 6 |  7- 9 | 10-12 || total
---------------------------+-------+-------+-------+-------++-------
  Melee: Flail             |    92 |    72 |   197 |   326 ||   687
         Headbutt          |    13 |    13 |    46 |   107 ||   179
  Throw: Stone             |       |       |     6 |     6 ||    12
 Invoke: Divine Shield     |       |       |     1 |     4 ||     5
  Evoke: Wand              |       |       |       |     2 ||     2
    Use: Scroll            |       |     5 |     1 |     4 ||    10
         Potion            |       |       |       |     3 ||     3
 Armour: Scale mail        |    28 |       |       |       ||    28
         Plate armour      |    23 |    49 |   162 |   267 ||   501
  Dodge: Dodged            |    33 |    25 |    69 |   121 ||   248
  Block: Buckler           |    29 |    21 |    59 |   144 ||   253
